 Dungeon Sprint DCSS version 0.20-a0-2-g2b0e13a (webtiles) character file.

896 packetloss the Unseen (level 7, -8/32 HPs)
             Began as a Spriggan Enchanter on Oct 28, 2016.
             Was an Initiate of Dithmenos.
             Killed by drain life
             ... invoked by a soul eater
             ... summoned by a kobold demonologist
              (13 damage)
             ... while paralysed by a floating eye
             ... in the Dungeon (Sprint I: "Red Sonja").
             The game lasted 00:03:19 (260 turns).

packetloss the Unseen (Spriggan Enchanter)           Turns: 260, Time: 00:03:19

Health: -8/32      AC:  3    Str:  4    XL:     7   Next: 78%
Magic:  13/16      EV:  4    Int: 16    God:    Dithmenos [......]
Gold:   350        SH:  0    Dex: 19    Spells: 3 memorised, 11 levels left

rFire  . . .     SeeInvis +     a - +1 dagger
rCold  . . .     Gourm    .     b - +1 robe
rNeg   . . .     Faith    .     (shield restricted)
rPois  .         Spirit   .     (helmet restricted)
rElec  .         Reflect  .     (no cloak)
rCorr  .         Harm     .     (gloves unavailable)
MR     +....     NoTele   +     (boots unavailable)
Stlth  +++++++...               (no amulet)
                                (no ring)
                                (no ring)

@: paralysed, drained, very quick
A: unfitting armour, see invisible, herbivore 3, speed 3, slow metabolism 2
a: Renounce Religion


You were in the Dungeon.
You worshipped Dithmenos.
Dithmenos was noncommittal.
You were not hungry.

You visited 1 branch You collected 405 gold pieces.
You spent 55 gold pieces at shops.

Inventory:

Hand Weapons
 a - a +1 dagger (weapon)
Armour
 b - a +1 robe (worn)
Wands
 i - a wand of digging (12/24)
   (You took it off Ijyb in the Dungeon)
Scrolls
 j - a scroll of blinking {!r}
 k - a scroll of immolation {unknown}
 l - a scroll of fog
Potions
 e - 2 potions of curing
 f - a potion of heal wounds
 g - a potion of haste
 h - 2 potions of magic
Books
 c - a book of Maledictions
Comestibles
 d - a bread ration {@e1}


   Skills:
 - Level 1.1(0.6) Short Blades
 + Level 8.1(7.6) Dodging
 * Level 19.8(19.0) Stealth
 - Level 5.7(5.1) Spellcasting
 - Level 9.4(8.8) Hexes


You had 11 spell levels left.
You knew the following spells:

 Your Spells              Type           Power        Failure   Level  Hunger
a - Ensorcelled Hibernat  Hex/Ice        ###...       4%          2    #......
c - Confuse               Hex            ####....     1%          3    ###....
v - Corona                Hex            ####...      1%          1    None


Dungeon Overview and Level Annotations

Branches:
Dungeon (1/1)

Altars:
Cheibriados
Dithmenos
Elyvilon
Fedhas
Gozag
Hepliaklqana
Kikubaaqudgha
Makhleb
Nemelex Xobeh
Okawaru
Qazlal
Ru
Sif Muna
Trog
Uskayaw
Vehumet
Xom
Yredelemnul
Zin
The Shining One
Jiyva
Lugonu

Shops:
D ?

Annotations:
D exclusion: Sonja, Sonja


Innate Abilities, Weirdness & Mutations

You are very small and have problems with some larger weapons.
You are too small for most types of armour.
You have supernaturally acute eyesight. (SInv)
You are a herbivore.
You cover ground extremely quickly.
You need consume almost no food.


Message History

You skewer the yak like a kebab!!!!
You kill the yak!
Your Stealth skill gained 2 levels and is now at level 17!
Your Spellcasting skill gained 2 levels and is now at level 5!
Things that are here:
a scythe; a robe
There is an open door here.
There is an open door here.
You see here a leather armour.
You see here 6 bolts.
Found an opulent altar of Gozag.
There is an open door here.
Found a sparkling altar of Nemelex Xobeh.
There is an entrance to Todig's Magic Scroll Emporium here.
l - a scroll of magic mapping {!r} Thank you for shopping at Todig's Magic Scroll Emporium!
Really read
l - a scroll of magic mapping {!r}?
As you read the scroll of magic mapping {!r}, it crumbles to dust.
You feel aware of your surroundings.
You sensed 4 altars, and 21 shops/portals.
Unknown command.
There is an entrance to Todig's Magic Scroll Emporium here.
l - a scroll of fog Thank you for shopping at Todig's Magic Scroll Emporium!
Okay, then.
There is an open door here.
There is a radiant altar of Vehumet here.
Your magical contamination has completely faded away.
You start resting.
You regained 6 mp, and now have 12/15 mp.
You start resting.
MP restored: 15
Okay, then.
You open the door.
Sonja, the Graceful Assassin comes into view.
She is wielding a dagger of venom.
Spoiler Alert: Sonja (sleeping) shoots Curare needles and will probably banish you in melee!
You close the door.
There is an open door here.
There is a sacrificial altar of Ru here.
There is a shadowy altar of Dithmenos here.
You kneel at the altar of Dithmenos.
Dithmenos welcomes you!
There is an open door here.
You see here 6 bolts.
You see here a leather armour.
There is an open door here.
You open the door.
A slime creature comes into view.
Found four altars.
Spoiler Alert: The slime creature (sleeping) can hit for high damage in melee!
You found an arrow trap!
There is an open door here.
Spoiler Alert: The slime creature (sleeping) can hit for high damage in melee!
There is a viscous altar of Jiyva here.
Spoiler Alert: The slime creature (sleeping) can hit for high damage in melee!
The helpless slime creature fails to defend itself.
You spit the slime creature like a pig!!!!
You kill the slime creature!
Dithmenos accepts your kill.
Your Dodging skill gained 2 levels and is now at level 5!
Your Stealth skill increases to level 18!
You have reached level 7!
Health restored: 32; MP restored: 16 You open the door.
There is an open door here.
You now have 269 gold pieces (gained 27).
You now have 296 gold pieces (gained 27).
You now have 323 gold pieces (gained 27).
You now have 350 gold pieces (gained 27).
You open the door.
A kobold demonologist comes into view. It is wielding a dagger.
Spoiler Alert: The kobold demonologist (sleeping) can summon minor demons!
A floating eye and a kobold demonologist come into view.
There is an open door here.
Warning x2: The kobold demonologist (sleeping) can summon minor demons! x2
Warning x2: The kobold demonologist can summon minor demons!
The kobold demonologist (sleeping) can summon minor demons!
The helpless kobold demonologist fails to defend itself.
You stick the kobold demonologist like a pincushion!!!!
You kill the kobold demonologist!
Dithmenos accepts your kill.
Your Dodging skill gained 3 levels and is now at level 8!
Your Stealth skill increases to level 19!
The kobold demonologist mumbles some strange words.
The floating eye turns its gaze towards you.
Spoiler Alert: The kobold demonologist can summon minor demons!
You hit the floating eye but do no damage.
The kobold demonologist hits you with a dagger.
The floating eye's stare focuses on you.
You take 1 damage, and have 31/32 hp.
Unknown command.
Aim: a kobold demonologist, wielding a dagger and wearing a robe (chance to defeat MR: 45%)
The kobold demonologist appears confused.
The floating eye gazes piercingly through you!
You suddenly lose the ability to move!
The soul eater hits you!!
Ouch! That really hurt!
* * * LOW HITPOINT WARNING * * *
You feel drained.
* * * LOW HITPOINT WARNING * * *
The soul eater draws from the surrounding life force!
You die...

#############******
..#__#..K...#,,*,,,
..'^.'..#@G.#*+*,**
#'#__####)3.+,,*,*,
#[####,,#####,,+,*+
#(#≈≈≈,,*,,**+****,
..+≈≈≈,,+,,*,,,,,*,
._#≈≈≈,,*,,*,,,,,+,
#'#*+*****+***,,,*,
#.#,,,,***,+,*,,,**


You could see a soul eater, a kobold demonologist (confused) and a floating eye.

Vanquished Creatures
  A kobold demonologist (D)
  A slime creature (D)
  Sigmund (D)
  A yak (D)
  An ogre (D)
  A jelly (D)
  Ijyb (D)
7 creatures vanquished.

Notes
Turn   | Place    | Note
-------+----------+-------------------------------------------
     0 | D        | packetloss the Spriggan Enchanter began the quest for the Orb.
     0 | D        | Reached XP level 1. HP: 9/9 MP: 5/5
     2 | D        | Noticed Ijyb
    14 | D        | Killed Ijyb
    14 | D        | Reached skill level 8 in Stealth
    14 | D        | Reached skill level 5 in Hexes
    14 | D        | Reached XP level 2. HP: 13/13 MP: 4/6
    47 | D        | Learned a level 2 spell: Ensorcelled Hibernation
    49 | D        | Noticed an ogre
    51 | D        | Killed an ogre
    51 | D        | Reached skill level 12 in Stealth
    51 | D        | Reached skill level 7 in Hexes
    51 | D        | Reached XP level 3. HP: 16/16 MP: 8/8
    51 | D        | Reached XP level 4. HP: 21/21 MP: 9/9
    67 | D        | Learned a level 3 spell: Confuse
    67 | D        | Noticed Sigmund
    69 | D        | Killed Sigmund
    69 | D        | Reached skill level 15 in Stealth
    69 | D        | Reached skill level 9 in Hexes
    69 | D        | Reached XP level 5. HP: 24/24 MP: 10/10
    69 | D        | Reached XP level 6. HP: 28/28 MP: 11/11
    82 | D        | Found a deep blue altar of Sif Muna.
    84 | D        | Found a radiant altar of Vehumet.
    88 | D        | Reached skill level 3 in Spellcasting
   111 | D        | Found Todig's Magic Scroll Emporium.
   111 | D        | Found an ancient bone altar of Kikubaaqudgha.
   111 | D        | Found a hazy altar of Hepliaklqana.
   111 | D        | Found a stormy altar of Qazlal.
   111 | D        | Found a hide-covered altar of Uskayaw.
   111 | D        | Found a blossoming altar of Fedhas.
   111 | D        | Found a bloodstained altar of Trog.
   111 | D        | Found an iron altar of Okawaru.
   111 | D        | Found a basalt altar of Yredelemnul.
   111 | D        | Found a glowing golden altar of the Shining One.
   111 | D        | Found a snail-covered altar of Cheibriados.
   111 | D        | Found a sacrificial altar of Ru.
   111 | D        | Found a glowing silver altar of Zin.
   111 | D        | Found a shadowy altar of Dithmenos.
   111 | D        | Found a white marble altar of Elyvilon.
   111 | D        | Noticed a yak
   128 | D        | Killed a yak
   128 | D        | Reached skill level 17 in Stealth
   128 | D        | Reached skill level 5 in Spellcasting
   139 | D        | Found an opulent altar of Gozag.
   140 | D        | Found a sparkling altar of Nemelex Xobeh.
   144 | D        | Bought a scroll of magic mapping for 35 gold pieces
   149 | D        | Bought a scroll of fog for 20 gold pieces
   214 | D        | Noticed Sonja
   224 | D        | Became a worshipper of Dithmenos the Shadowed
   238 | D        | Found a burning altar of Makhleb.
   238 | D        | Found a viscous altar of Jiyva.
   238 | D        | Found a shimmering altar of Xom.
   238 | D        | Found a corrupted altar of Lugonu.
   238 | D        | Noticed a slime creature
   241 | D        | Killed a slime creature
   241 | D        | Reached skill level 5 in Dodging
   241 | D        | Reached skill level 18 in Stealth
   241 | D        | Reached XP level 7. HP: 32/32 MP: 16/16
   254 | D        | Noticed a kobold demonologist
   255 | D        | Noticed a kobold demonologist
   257 | D        | Killed a kobold demonologist
   257 | D        | Reached skill level 8 in Dodging
   257 | D        | Reached skill level 19 in Stealth
   258 | D        | Noticed a soul eater
   259 | D        | Paralysed by a floating eye for 2 turns
   259 | D        | HP: 6/32 [soul eater[a kobold demonologist] (25)]
   260 | D        | Killed from afar by a soul eater

Vault maps used:
D:        dungeon_sprint_1

Skill      XL: |  1  2  3  4  5  6  7 |
---------------+----------------------+-----
Stealth        | 8 12 15 18 19 | 19.8
Hexes          | 5 7 9 |  9.4
Spellcasting   | 5 |  5.7
Dodging        | 5 8 |  8.1
Short Blades   | |  1.1

Action                   |  1- 3 |  4- 6 |  7- 9 || total
-------------------------+-------+-------+-------++-------
Melee: Dagger            |     7 |     4 |     2 ||    13
 Cast: Corona            |     1 |       |       ||     1
       Ensorcelled Hiber |       |     2 |       ||     2
       Confuse           |       |     1 |     1 ||     2
  Use: Potion            |     1 |       |       ||     1
       Scroll            |       |     1 |       ||     1
 Stab: Sleeping          |     2 |     4 |     1 ||     7
Armor: Robe              |     1 |       |       ||     1
Dodge: Dodged            |     2 |       |       ||     2

Vault maps used:
D:        dungeon_sprint_1

Table legend:
 A = Turns spent in this place as a percentage of turns spent in the entire game.
 B = Non-inter-level travel turns spent in this place as a percentage of non-inter-level travel turns spent in the entire game.
 C = Inter-level travel turns spent in this place as a percentage of turns spent in this place.
 D = Turns resting spent in this place as a percentage of non-inter-level travel turns spent in this place.
 E = Turns spent auto-exploring this place as a percentage of non-inter-level travel turns spent in this place.
 F = Non-inter-level travel turns spent in this place divided by the number of levels of this place that you've seen.
                   A       B       C       D       E      F
               +-------+-------+-------+-------+-------+----------------------
         Total | 100.0 | 100.0 |   0.0 |   6.0 |   0.0 | 184.0
       Dungeon | 100.0 | 100.0 |   0.0 |   6.0 |   0.0 | 184.0
               +-------+-------+-------+-------+-------+----------------------

Table legend:
 A = Kills in this place as a percentage of kills in entire the game.
 B = Kills by you in this place as a percentage of kills by you in the entire game.
 C = Kills by friends in this place as a percentage of kills by friends in the entire game.
 D = Other kills in this place as a percentage of other kills in the entire game.
 E = Experience gained in this place as a percentage of experience gained in the entire game.
 F = Experience gained in this place divided by the number of levels of this place that you have seen.
                   A       B       C       D       E      F
               +-------+-------+-------+-------+-------+----------------------
         Total | 100.0 | 100.0 |  -nan |  -nan | 100.0 | 1280.0
       Dungeon | 100.0 | 100.0 |  -nan |  -nan | 100.0 | 1280.0
               +-------+-------+-------+-------+-------+----------------------
